 Dungeon Crawl Stone Soup version 0.21.1-1-g345015fe64 (webtiles) character file.

1754 Kejsarherre the Conjurer (level 8, -16/57 HPs)
             Began as a Mummy Conjurer on May 8, 2018.
             Demolished by an ogre
             ... wielding a +0 giant club
              (24 damage)
             ... on level 7 of the Dungeon.
             The game lasted 00:16:29 (7663 turns).

Kejsarherre the Conjurer (Mummy Conjurer)           Turns: 7663, Time: 00:16:30

Health: -16/57     AC:  3    Str: 11    XL:     8   Next: 78%
Magic:  7/14       EV: 11    Int: 17    God:
Gold:   314        SH:  0    Dex: 12    Spells: 8/15 levels left

rFire    x . .     SeeInvis .   v - +0 short sword (venom)
rCold    + . .     Gourm    .   (no shield)
rNeg     + + +     Faith    .   e - +0 leather armour
rPois    ∞         Spirit   .   (no helmet)
rElec    .         Reflect  .   (no cloak)
rCorr    .         Harm     .   (no gloves)
MR       +....                  (no boots)
Stlth    ++........             l - amulet of magic regeneration
HPRegen  0.19/turn              (no ring)
MPRegen  0.39/turn              (no ring)

@: very slightly contaminated
A: no food or potions, fire vulnerability, cold resistance 1, negative energy
resistance 3, torment resistance, unbreathing
a: no special abilities


You were on level 7 of the Dungeon.
You were not hungry.

You visited 1 branch of the dungeon, and saw 9 of its levels.

You collected 314 gold pieces.

Inventory:

Hand Weapons
 c - a +1 whip
 i - a +1 hand axe of electrocution
 v - a +0 short sword of venom (weapon)
Armour
 a - a +0 robe
 e - a +0 leather armour (worn)
 h - a +0 ring mail
 u - a +0 buckler
Jewellery
 l - an amulet of magic regeneration (around neck)
Wands
 j - a wand of clouds (5)
 k - a wand of polymorph (10)
Scrolls
 d - a scroll of identify
 f - 2 scrolls of teleportation
 g - 9 scrolls of remove curse
 m - a scroll of blinking
 n - a scroll of enchant weapon
 o - a scroll of enchant armour {unknown}
 p - a scroll of random uselessness {unknown}
 r - a scroll of vulnerability {unknown}
 s - a scroll of fog {unknown}
Books
 b - a book of Conjurations

   Spells                             Type                      Level
   a - Magic Dart                     Conjuration                  1
   b - Searing Ray                    Conjuration                  2
   c - Dazzling Spray                 Conjuration/Hexes            3
   d - Fulminant Prism                Conjuration/Hexes            4
   e - Force Lance                    Conjuration/Translocation    4
   f - Iskenderun's Mystic Blast      Conjuration                  4
 q - a book of Air

   Spells                             Type                      Level
   a - Shock                          Conjuration/Air              1
   b - Swiftness                      Charms/Air                   2
   c - Static Discharge               Conjuration/Air              3
   d - Airstrike                      Air                          4
   e - Lightning Bolt                 Conjuration/Air              5
 t - a book of Changes

   Spells                             Type                      Level
   a - Beastly Appendage              Transmutation                1
   b - Sticks to Snakes               Transmutation                2
   c - Spider Form                    Transmutation/Poison         3
   d - Ice Form                       Ice/Transmutation            4
   e - Blade Hands                    Transmutation                5


   Skills:
 - Level 2.3 Fighting
 - Level 6.2 Armour
 - Level 1.6 Dodging
 - Level 1.6 Stealth
 + Level 2.3 Shields
 - Level 4.4 Spellcasting
 + Level 6.4 Conjurations


You had 8 spell levels left.
You knew the following spells:

 Your Spells              Type           Power        Failure   Level  Hunger
a - Magic Dart            Conj           ####         1%          1    N/A
b - Searing Ray           Conj           ####..       1%          2    N/A
c - Iskenderun's Mystic   Conj           ####....     13%         4    N/A

Dungeon Overview and Level Annotations

Branches:
Dungeon (9/15)             Temple (0/1) D:7
   Lair: D:8-11         Orc: D:9-12

Altars:
Ashenzari
Cheibriados

Annotations:
D:4 Gearwhore's ghost, amateur HuWn
D:8 Gargoyl's ghost, novice CeAK


Innate Abilities, Weirdness & Mutations

You do not eat or drink.
Your flesh is vulnerable to fire.
You are immune to poison.
Your flesh is cold resistant. (rC+)
You are immune to negative energy. (rN+++)
You are immune to unholy pain and torment.
You can survive without breathing.


Message History

The ogre is heavily wounded.
The ogre hits you with a giant club!
Casting: Iskenderun's Mystic Blast
Confirm with . or Enter, or press ? or * to list all spells.
Aiming: Iskenderun's Mystic Blast
Press: ? - help, Shift-Dir - straight line, f/p - ogre
Aim: an ogre, wielding a giant club (heavily wounded)
You miscast Iskenderun's Mystic Blast.
Your bandages flutter.
The ogre hits you with a giant club!!
* * * LOW HITPOINT WARNING * * *
Casting: Iskenderun's Mystic Blast
Confirm with . or Enter, or press ? or * to list all spells.
Aiming: Iskenderun's Mystic Blast
Press: ? - help, Shift-Dir - straight line, f/p - ogre
Aim: an ogre, wielding a giant club (heavily wounded)
The orb of energy hits the ogre.
The ogre is almost dead.
The orb of energy explodes!
The ogre hits you with a giant club!!
You die...

####### ##.##..##
##.......# ####
##..#.....# ...##
##..###@...# ....#
##...# #O...# ....#
##...#####..##
#..#####............#
#..###.......########
###...##......##
....###........#
.#### #........## ##
#.........#


You could see an ogre.

Vanquished Creatures
  A hornet (D:7)
  Edmund (D:5)
  An ice beast (D:7)
  A phantom (D:5)
  A necrophage (D:7)
  A gnoll sergeant (D:7)
  2 bullfrogs (D:6)
  2 scorpions
  3 howler monkeys
  A bullfrog zombie (D:5)
  2 jellies (D:5)
  2 hounds (D:5)
  6 orc priests
  3 orc wizards (D:5)
  3 iguanas
  2 worker ants
  A hound zombie (D:6)
  A hound skeleton (D:5)
  7 adders
  6 gnolls
  2 oozes
  An adder zombie (D:6)
  3 worms
  2 dart slugs (D:1)
  3 leopard geckos
  10 orcs
  3 giant cockroaches (D:1)
  4 hobgoblins
  11 jackals
  5 kobolds
  2 quokkas
  A ball python (D:2)
  A ball python zombie (D:5)
  2 bats (D:2)
  2 frilled lizards
  A giant cockroach zombie (D:5)
  5 goblins (D:2)
  4 rats
109 creatures vanquished.

Notes
Turn   | Place    | Note
-------+----------+-------------------------------------------
     0 | D:1      | Kejsarherre the Mummy Conjurer began the quest for the Orb.
     0 | D:1      | Reached XP level 1. HP: 13/13 MP: 4/4
    63 | D:1      | Reached XP level 2. HP: 13/19 MP: 0/5
   382 | D:1      | Reached skill level 1 in Fighting
   404 | D:2      | Learned a level 2 spell: Searing Ray
   485 | D:2      | Reached XP level 3. HP: 26/26 MP: 7/7
   757 | D:2      | Found a snail-covered altar of Cheibriados.
  1534 | D:3      | Reached XP level 4. HP: 33/33 MP: 3/9
  2004 | D:3      | Reached XP level 5. HP: 39/39 MP: 4/11
  2147 | D:5      | Entered Level 5 of the Dungeon
  2322 | D:4      | Reached skill level 1 in Armour
  2381 | D:4      | Noticed Gearwhore's ghost (amateur HuWn)
  2972 | D:4      | Reached XP level 6. HP: 40/45 MP: 7/12
  3859 | D:5      | Found a shattered altar of Ashenzari.
  4351 | D:5      | Reached XP level 7. HP: 41/51 MP: 6/13
  4558 | D:5      | Noticed Edmund
  4784 | D:5      | Killed Edmund
  4784 | D:5      | Reached skill level 5 in Armour
  4810 | D:5      | Got an encrusted trident
  4811 | D:5      | Identified the cursed +1 trident "Oraruipn" {flame, +Blink rElec Int-5} (You found it on level 5 of the Dungeon)
  5837 | D:6      | Reached XP level 8. HP: 57/57 MP: 7/14
  5889 | D:6      | Learned a level 4 spell: Iskenderun's Mystic Blast
  6249 | D:6      | Reached skill level 5 in Conjurations
  6406 | D:7      | Noticed a hornet
  6601 | D:7      | You fall through a shaft for 2 floors!
  6732 | D:8      | Noticed Gargoyl's ghost (novice CeAK)
  6799 | D:7      | Reached skill level 1 in Shields
  6836 | D:7      | Killed a hornet
  7068 | D:7      | Found a staircase to the Ecumenical Temple.
  7663 | D:7      | Demolished by an ogre

Skill      XL: |  1  2  3  4  5  6  7  8 |
---------------+-------------------------+-----
Spellcasting   | 3 4 |  4.4
Fighting       | 1 2 |  2.3
Conjurations   | 4 6 |  6.4
Armour         | 2 4 6 |  6.2
Shields        | 2 |  2.3
Dodging        | |  1.6
Stealth        | |  1.6

Action                   |  1- 3 |  4- 6 |  7- 9 || total
-------------------------+-------+-------+-------++-------
Melee: Whip              |    30 |    39 |       ||    69
       Hand axe          |       |     2 |    34 ||    36
       Short sword       |       |       |     1 ||     1
 Cast: Magic Dart        |    60 |    64 |    69 ||   193
       Searing Ray       |     3 |    25 |    34 ||    62
       Iskenderun's Myst |       |       |     5 ||     5
Evoke: Wand              |       |       |     1 ||     1
  Use: Scroll            |     8 |     3 |     1 ||    12
 Stab: Sleeping          |     1 |       |       ||     1
       Confused          |       |       |     1 ||     1
Armor: Leather armour    |     5 |    15 |    14 ||    34
       Robe              |     2 |       |       ||     2
Dodge: Dodged            |    36 |    51 |    77 ||   164
